AoeStats
← srpizzas1

Black Forest

510904019Analyzed
4v4 RM · 8h ago on Oct 3, 2026· 57m 59s· 8 players
Game mode
Random Map
Map size
Large (8 player)
Population
200
Speed
Normal
Resources
Standard
Victory
Conquest
Starting age
Dark Age
Ending age
Imperial Age
RankedLock teamsTeams togetherTeam positionsShared explorationLock speedFull tech treeHidden civsTurbo modeCheats
Victory
Defeat
🇲🇽 Cumans · Mexico
793
+8
🇺🇸 Burgundians · United States
723
+10
🇷🇺 Mongols · Russia
703
+11
🇨🇳 Wu · China
699
+12
🇦🇷 Vietnamese · Argentina
611
-11
🇨🇱 Vikings · Chile
597
-10
🇲🇽 Ethiopians · Mexico
590
-10
🇦🇷 Bohemians · Argentina
578
-10
ironside323437
1:27 Wheelbarrow
1:03 Loom
11:50 Fishing Lines
14:30 Feudal Age
17:21 Town Watch
18:11 Double-Bit Axe
19:30 Hand Cart
20:18 Gold Mining
21:16 Bow Saw
21:44 Gillnets
26:10 Castle Age
24:00 Horse Collar
24:15 Stone Mining
25:02 Gold Shaft Mining
25:48 Heavy Plow
25:43 Fletching
26:04 Forging
25:55 Scale Mail Armor
26:01 Scale Barding Armor
26:47 Stone Mining
31:34 Crop Rotation
31:12 Bodkin Arrow
31:19 Padded Archer Armor
33:51 Town Patrol
35:43 Medium Warships
34:54 Demolition Ship
35:45 Squires
35:31 Arson
35:07 Pikeman
35:08 Man-at-Arms
36:30 Iron Casting
36:10 Chain Mail Armor
36:17 Chain Barding Armor
36:13 Leather Archer Armor
37:31 Stone Shaft Mining
37:13 Guilds
39:05 Long Swordsman
40:14 Husbandry
39:36 Cavalier
39:38 Light Cavalry
41:02 Treadmill Crane
43:15 Masonry
43:01 Murder Holes
47:07 Fortified Wall
47:18 Ballistics
46:49 Guard Tower
52:28 Imperial Age
50:24 Burgundian Vineyards
52:29 Two-Man Saw
51:43 Fortified Wall
51:44 Clinker Construction
51:45 Careening
51:41 Siphons
53:27 Elite Coustillier
54:44 Hoardings
54:31 Conscription
srpizzas1
0:54 Loom
11:56 Feudal Age
13:59 Double-Bit Axe
19:03 Castle Age
20:57 Bow Saw
29:13 Scale Mail Armor
31:20 Elite Skirmisher
31:53 Fletching
35:06 Forging
37:50 Horse Collar
42:18 Imperial Age
49:51 Chemistry
48:52 Capped Ram
50:43 Scale Barding Armor
51:51 Iron Casting
51:32 Chain Mail Armor
RESPECT
6:52 Loom
13:00 Feudal Age
14:51 Double-Bit Axe
16:26 Gold Mining
18:19 Fletching
22:13 Loom
23:03 Wheelbarrow
23:30 Stone Mining
26:25 Padded Archer Armor
28:53 Castle Age
30:30 Bodkin Arrow
31:09 Bow Saw
30:43 Horse Collar
35:01 Leather Archer Armor
36:33 Hand Cart
38:53 Imperial Age
36:17 Loom
37:27 Gold Shaft Mining
37:53 Stone Shaft Mining
37:49 Scale Barding Armor
40:00 Bracer
40:49 Conscription
40:52 Heavy Plow
42:37 Hoardings
48:56 Ballistics
49:37 Chemistry
50:36 Parthian Tactics
50:18 Thumb Ring
50:32 Elite Mangudai
刺猬
1:06 Loom
12:22 Feudal Age
12:51 Double-Bit Axe
12:51 Horse Collar
21:42 Castle Age
22:50 Bow Saw
22:43 Heavy Plow
23:13 Stone Mining
25:39 Fervor
25:15 Treadmill Crane
26:47 Wheelbarrow
28:55 Fletching
29:34 Ballistics
29:49 Gold Mining
30:37 Stone Shaft Mining
31:18 Gold Shaft Mining
32:20 Hand Cart
33:21 Caravan
33:36 Murder Holes
37:34 Imperial Age
35:19 Forging
35:09 Scale Mail Armor
35:14 Scale Barding Armor
35:11 Padded Archer Armor
35:26 Bodkin Arrow
35:42 Scale Barding Armor
35:55 Masonry
37:24 Iron Casting
37:04 Chain Mail Armor
38:07 Leather Archer Armor
38:00 Red Cliffs Tactics
39:35 Chemistry
39:12 Architecture
38:58 Bracer
39:20 Chain Barding Armor
39:28 Conscription
40:49 Two-Man Saw
40:09 Squires
39:57 Arson
39:34 Elite Fire Archer
41:03 Sitting Tiger
42:19 Blast Furnace
41:50 Plate Mail Armor
44:20 Plate Barding Armor
51:01 Devotion
51:21 Sanctity
51:01 Heated Shot
52:15 Husbandry
52:26 Bloodlines
51:36 Heavy Hei Guang Cavalry
51:37 Light Cavalry
53:35 Town Watch
Wez
1:04 Loom
10:01 Feudal Age
10:35 Double-Bit Axe
17:53 Gold Mining
19:13 Wheelbarrow
22:21 Horse Collar
22:46 Town Watch
25:26 Castle Age
24:46 Stone Mining
24:50 Fletching
25:00 Padded Archer Armor
25:11 Forging
27:42 Heavy Plow
27:55 Bow Saw
30:53 Hand Cart
32:19 Fortified Wall
32:26 Murder Holes
33:21 Treadmill Crane
33:47 Town Watch
37:53 Imperial Age
36:21 Masonry
36:32 Ballistics
36:43 Chatras
38:37 Stone Shaft Mining
39:11 Crop Rotation
41:22 Chemistry
41:18 Guilds
42:36 Town Patrol
42:56 Bodkin Arrow
43:16 Leather Archer Armor
44:31 Husbandry
44:42 Bloodlines
46:18 Thumb Ring
46:31 Thumb Ring
46:29 Bracer
46:45 Leather Archer Armor
47:28 Heavy Cavalry Archer
michnard.25
6:26 Loom
14:20 Feudal Age
15:40 Double-Bit Axe
17:40 Horse Collar
19:52 Gold Mining
19:52 Stone Mining
24:41 Wheelbarrow
23:52 Town Watch
26:27 Castle Age
28:58 Stone Shaft Mining
28:58 Gold Shaft Mining
28:26 Heavy Plow
28:40 Bow Saw
32:27 Wheelbarrow
31:38 Town Watch
31:57 Caravan
32:29 Coinage
33:03 Forging
32:53 Scale Mail Armor
40:59 Royal Heirs
42:26 Masonry
42:07 Heated Shot
42:38 Ballistics
42:29 Fortified Wall
42:15 Murder Holes
42:32 Careening
45:46 Hand Cart
45:32 Town Patrol
49:07 Imperial Age
48:43 Man-at-Arms
49:10 Arson
50:42 Siege Engineers
51:51 Elite Shotel Warrior
52:04 Sappers
52:55 Conscription
53:59 Capped Ram
Lestyy
0:32 Loom
11:30 Feudal Age
13:56 Wheelbarrow
13:07 Town Watch
13:03 Horse Collar
17:53 Man-at-Arms
19:37 Arson
22:32 Fletching
22:43 Padded Archer Armor
29:14 Castle Age
33:32 Hand Cart
33:18 Town Patrol
35:24 Pikeman
37:22 Wagenburg Tactics
40:19 Chemistry
39:40 Ballistics
39:13 Long Swordsman
39:56 Squires
40:05 Padded Archer Armor
43:00 Scale Mail Armor
42:56 Bodkin Arrow
43:16 Leather Archer Armor
43:11 Forging
48:03 Imperial Age
49:40 Bracer
50:10 Ring Archer Armor
51:03 Heavy Plow
51:03 Elite Hussite Wagon
rodrigooboeponce
0:52 Loom
13:09 Feudal Age
13:38 Double-Bit Axe
13:42 Horse Collar
13:57 Gold Mining
20:17 Scale Mail Armor
21:50 Arson
23:01 Fletching
23:12 Padded Archer Armor
28:12 Castle Age
29:09 Pikeman
29:50 Squires
30:35 Heavy Plow
30:47 Bow Saw
30:02 Crossbowman
31:50 Leather Archer Armor
31:30 Bodkin Arrow
32:37 Elite Skirmisher
34:25 Forging
37:43 Chain Mail Armor
38:03 Iron Casting
Connection lost

Rejoining the realm…

Still unreachable

The connection could not be restored.

Session expired

The server has moved on; the page needs a fresh start.